 Dungeon Crawl Stone Soup version 0.29-a0-350-g7790a0e70a (webtiles) character file.

Game seed: 2167306080403416968

16480 enile the Fighter (level 12, -2/89 (105) HPs)
             Began as a Formicid Fighter on Apr 23, 2022.
             Was a Priest of Lugonu.
             Slain by a starcursed mass (9 damage)
             ... summoned by Lugonu's corruption
             ... on level 2 of the Lair of Beasts.
             The game lasted 00:40:29 (15509 turns).

enile the Fighter (Formicid Fighter)               Turns: 15509, Time: 00:40:30

HP:   -2/89 (105)   AC:  5    Str: 25    XL:     12   Next: 70%
MP:   19/19         EV: 17    Int:  7    God:    Lugonu [***...]
Gold: 390           SH:  5    Dex: 12    Spells: 11/11 levels left

rFire   . . .      SeeInvis +   F - +3 dire flail (drain)
rCold   . . .      Faith    .   c - +0 buckler
rNeg    . . .      Spirit   .   G - +0 troll leather armour
rPois   +          Reflect  .   (helmet unavailable)
rElec   .          Harm     .   (no cloak)
rCorr   .          Rampage  .   (no gloves)
Will    +....                   (no boots)
Stlth   +++.......              (no amulet)
HPRegen 0.24/turn               H - +4 ring of evasion
MPRegen 0.16/turn               N - ring of poison resistance

@: heavily drained
A: permanent stasis, dig shafts and tunnels, antennae 3, four strong arms,
talons 1
a: Dig, Shaft Self, Renounce Religion, Depart the Abyss, Bend Space, Banish


You were on level 2 of the Lair of Beasts.
You worshipped Lugonu.
Lugonu was most pleased with you.
You visited 2 branches of the dungeon, and saw 13 of its levels.
You also visited: Ossuary.

You collected 623 gold pieces.
You spent 233 gold pieces at shops.

Inventory:

Hand Weapons
 a - a +0 quarterstaff of chaos
 d - a +7 club
 r - a +0 fustibalus
 x - a +2 whip of venom
 F - a +3 dire flail of draining (weapon)
Missiles
 O - 4 javelins
Armour
 b - a +0 scale mail
 c - a +0 buckler (worn)
 e - the +4 chain mail "Jeyntybo" {rF+ Str+3 Int-2 Dex+5}
   (You took it off an orc on level 4 of the Dungeon)

   Str:       It affects your strength (+3).
   Int:       It affects your intelligence (-2).
   Dex:       It affects your dexterity (+5).
   rF:        It protects you from fire.
 u - the +2 robe of Disaster {*Slow +Inv rElec Archmagi}
   (You found it on level 6 of the Dungeon)

   rElec:     It insulates you from electricity.
   +Inv:      It lets you turn invisible.
   *Slow:     It may slow you when you take damage.
   Archmagi:  It increases the power of your magical spells.
 E - a +0 leather armour of positive energy
 G - a +0 troll leather armour (worn)
Jewellery
 m - a ring of protection from cold
 q - a ring of magical power
 H - a +4 ring of evasion (left hand)
 J - a ring of resist corrosion
 L - an amulet of faith
 N - a ring of poison resistance (right hand)
Wands
 w - a wand of flame (1) (quivered)
 C - a wand of polymorph (11)
Scrolls
 i - 3 scrolls of magic mapping
 j - 2 scrolls of blinking
 k - 7 scrolls of teleportation
 o - 8 scrolls of identify
 s - 3 scrolls of enchant weapon
 v - 3 scrolls of fog
 y - 4 scrolls of amnesia
 z - a scroll of noise
 B - a scroll of immolation
Potions
 l - 4 potions of mutation
 p - a potion of flight
 t - a potion of berserk rage
 A - a potion of haste
 D - 4 potions of brilliance
 I - a potion of might


   Skills:
 - Level 13.0 Fighting
 - Level 2.0 Staves
 - Level 4.0 Throwing
 - Level 7.0 Armour
 + Level 6.5 Dodging
 - Level 6.0 Stealth
 - Level 5.0 Shields
 - Level 10.0 Invocations
 - Level 9.0 Evocations


You had 11 spell levels left.
You didn't know any spells.
Your spell library contained the following spells:

 Spells                   Type           Power      Damage    Failure   Level
 Animate Skeleton         Necr           0%         N/A       54%         1
 Apportation              Tloc           0%         N/A       54%         1
 Magic Dart               Conj           0%         1d3       54%         1
 Sandblast                Erth           0%         2d4       54%         1
 Summon Small Mammal      Summ           0%         N/A       54%         1
 Passwall                 Tmut/Erth      0%         N/A       67%         2
 Scorch                   Fire           0%         2d5       67%         2
 Searing Ray              Conj           0%         2d4       67%         2
 Stone Arrow              Conj/Erth      0%         3d7       88%         3
 Animate Armour           Summ/Erth      0%         N/A       99%         4
 Flame Wave               Conj/Fire      0%         2d4       99%         4
 Fulminant Prism          Conj/Hex       0%         3d6       99%         4
 Summon Ice Beast         Ice/Summ       0%         N/A       99%         4
 Summon Mana Viper        Hex/Summ       0%         N/A       100%        5
 Summon Cactus Giant      Summ           0%         N/A       100%        6
 Monstrous Menagerie      Summ           0%         N/A       100%        7
 Lehudib's Crystal Spear  Conj/Erth      0%         10d2      100%        8


Dungeon Overview and Level Annotations

Branches:
Dungeon (10/15)            Temple (0/1) D:5            Lair (3/6) D:10
 Shoals (0/4) Lair:2       Spider (0/4) Lair:2          Orc (0/2) D:10
Ossuary (visited)

Altars:
Cheibriados
Elyvilon
Gozag
Hepliaklqana
Kikubaaqudgha
Qazlal
Ru
Vehumet
Wu Jian
Zin
Lugonu

Shops:
D:5 ?   D:9 [

Annotations:
Lair:1 corrupted
Lair:2 corrupted
Abyss:1 Maurice


Innate Abilities, Weirdness & Mutations

You cannot be hasted, slowed, berserked, paralysed or teleported.
You can dig through walls and to a lower floor.
You have a pair of large antennae on your head. (SInv)
Your four strong arms can wield two-handed weapons with a shield.
You have sharp toenails.


Message History

The swamp drake disappears in a puff of smoke!
The neqoxec hits the manticore!
The manticore dies!
N - a ring of poison resistance (right hand)
The komodo dragon hisses angrily.
You hear a loud, deep croak!
The fire bat bites the worldbinder but does no damage.
The fire bat closely misses itself.
There are monsters nearby!
Okay, then.
The fire bat barely misses the worldbinder.
The small abomination hits something!
Something bites the small abomination!
The white imp misses you.
You start removing your armour.
You continue taking off the +4 chain mail "Jeyntybo" {rF+ Str+3 Int-2 Dex+5}. x4
You finish taking off the +4 chain mail "Jeyntybo" {rF+ Str+3 Int-2 Dex+5}.
The worldbinder hits the bush but does no damage.
The worldbinder hits the bush.
The small abomination closely misses something.
The small abomination hits something!
You see here a scroll of identify.
You thump the plant!
The plant begins to die.
You drain the plant. You claw the plant.
The plant is lightly damaged.
The swamp drake disappears in a puff of smoke!
The small abomination hits something.
Something barely misses the small abomination.
The small abomination closely misses something.
The small abomination hits something!
The worldbinder hits the bush but does no damage.
The worldbinder hits the bush.
The white imp hits the bush but does no damage.
The white imp hits the bush but does no damage.
You start putting on your armour.
You continue putting on your +0 troll leather armour. x2
The iron imp hits the plant!
The plant begins to die.
You continue putting on your +0 troll leather armour. x2
You finish putting on your +0 troll leather armour.
The armour cannot attune itself to your injured body.
A nearby plant withers and dies.
The starcursed mass touches you!
You die...

#. .. ......5535...
#..#.##+.....5.... ..
#.#.......{...l. ..
#..........[..# ...
##..5†..#..†..# ...
#.^...........### +.#.
#.....??P.....#.####....
#..#...##.).{†......⌠.#.
#....z.@#.{###..###....#
#5....X.#.###.###..#....
##.#......# ##.#..##...?
#. #......# #....#.{#{..
# #.#P.P..##.#.##...##.
.........X...## ....#.
#..{......##†#†.#.{..#.
#.........#.X...#W#....
.......(.###†##...#....


You could see a neutral starcursed mass (summoned, wandering), a neutral large
abomination (summoned, wandering), a neutral iron imp (summoned, wandering), a
neutral wight (summoned, wandering) and a neutral white imp (summoned,
wandering).

Vanquished Creatures
  Harold (D:10)
  2 death yaks
  4 black mambas
  3 cane toads
  An unseen horror (D:10)
  A kobold demonologist (D:10)
  A rime drake (Lair:2)
  3 trolls
  A hornet (Lair:2)
  4 blink frogs
  2 polar bears
  Sigmund (D:5)
  2 wyverns
  A wraith (D:9)
  19 yaks
  2 basilisks (Lair:2)
  A steam dragon (D:9)
  4 vampire mosquitoes (D:10)
  Menkaure (D:6)
  5 water moccasins
  A sky beast (D:6)
  2 orc warriors (D:7)
  An ogre (D:5)
  3 centaurs
  2 kobold brigands
  10 bullfrogs
  5 scorpions
  A necrophage (D:6)
  6 wights (D:8)
  2 howler monkeys
  4 orc priests
  4 jellies
  2 hounds (D:6)
  8 orc wizards
  A hell rat (D:10)
  A mummy (Ossuary)
  Robin (D:3)
  2 river rats
  6 adders
  3 white imps
  2 ufetubi
  A dart slug (D:3)
  26 orcs
  4 spectral bats (Ossuary)
  2 endoplasms (D:2)
  12 gnoll zombies (Ossuary)
  15 goblins
  6 hobgoblins
  6 jackals
  2 quokkas
  3 ball pythons
  6 bats
  4 bat simulacra (Ossuary)
  5 frilled lizards
  3 goblin simulacra (Ossuary)
  3 goblin zombies (Ossuary)
  5 hobgoblin zombies (Ossuary)
  15 kobolds
  4 kobold simulacra (Ossuary)
  7 kobold zombies (Ossuary)
  3 orc zombies (Ossuary)
  8 rats
  3 rat simulacra (Ossuary)
  6 spectral goblins (Ossuary)
  2 spectral kobolds (Ossuary)
  2 spectral rats (Ossuary)
279 creatures vanquished.

Vanquished Creatures (collateral kills)
  2 yaks (D:10)
  A water moccasin (Lair:2)
  2 killer bees (Lair:2)
5 creatures vanquished.

Vanquished Creatures (others)
  A hydra (Lair:2)
  A wolf spider (Lair:2)
  A manticore (Lair:2)
  A black mamba (Lair:2)
  2 cane toads
  2 komodo dragons (Lair:2)
  A meliai (Lair:2)
  A wind drake (Lair:2)
  5 blink frogs (Lair:1)
  12 yaks
  3 water moccasins (Lair:2)
  A black bear (Lair:1)
  A human (D:7)
  A bullfrog (Lair:2)
  A killer bee (Lair:2)
  3 adders (Lair:2)
  23 fungi
  66 plants
  3 starspawn tentacles
129 creatures vanquished.

Grand Total: 413 creatures vanquished

Notes
Turn   | Place    | Note
-------+----------+-------------------------------------------
     0 | D:1      | enile the Formicid Fighter began the quest for the Orb.
     0 | D:1      | Reached XP level 1. HP: 18/18 MP: 1/1
   139 | D:1      | Reached XP level 2. HP: 25/25 MP: 2/2
   217 | D:1      | Reached skill level 4 in Fighting
   529 | D:2      | Reached XP level 3. HP: 31/31 MP: 3/3
   782 | D:2      | You fall into a shaft and drop 1 floor!
  1102 | D:3      | Reached skill level 5 in Fighting
  1210 | D:3      | Noticed Robin
  1212 | D:3      | Reached XP level 4. HP: 39/39 MP: 4/4
  1235 | D:3      | Reached skill level 1 in Dodging
  1242 | D:3      | Killed Robin
  1416 | D:3      | Found a faded altar of an unknown god.
  1437 | D:3      | Reached XP level 5. HP: 33/44 MP: 5/5
  1444 | D:3      | Prayed at the altar of an unknown god.
  1444 | D:3      | Became a worshipper of Lugonu the Unformed
  1444 | D:3      | Reached * piety under Lugonu
  1444 | D:3      | Reached ** piety under Lugonu
  1812 | D:4      | Found a sand-covered staircase.
  1815 | D:4      | Identified the +4 chain mail "Jeyntybo" {rF+ Str+3 Int-2
                  | Dex+5}
  2008 | Ossuary  | Entered an ossuary
  2094 | Ossuary  | Reached *** piety under Lugonu
  2185 | Ossuary  | Reached skill level 5 in Armour
  2185 | Ossuary  | Reached XP level 6. HP: 51/51 MP: 6/6
  2243 | Ossuary  | Reached skill level 1 in Stealth
  2379 | Ossuary  | Reached **** piety under Lugonu
  2618 | D:4      | Noticed an ogre
  2663 | D:5      | Entered Level 5 of the Dungeon
  2692 | D:5      | Noticed an ogre
  2693 | D:5      | Noticed Sigmund
  2699 | D:5      | Gained mutation: You have sharp toenails. [potion of
                  | mutation]
  2719 | D:5      | You fall into a shaft and drop 1 floor!
  2719 | D:6      | Noticed a sky beast
  2737 | D:6      | Killed a sky beast
  2738 | D:6      | Reached XP level 7. HP: 24/56 MP: 7/7
  2943 | D:6      | Reached skill level 6 in Fighting
  3080 | D:6      | Noticed Menkaure
  3102 | D:6      | Killed Menkaure
  3378 | D:6      | Reached skill level 7 in Fighting
  3404 | D:6      | Identified the +4 hunting sling of Xiyskaik {flame, Str+9
                  | Int+4 Dex-4}
  3690 | D:6      | Reached XP level 8. HP: 67/67 MP: 8/8
  3697 | D:6      | Identified the +2 robe of Disaster {*Slow +Inv rElec
                  | Archmagi}
  3922 | D:6      | Found an ornate altar of the Wu Jian Council.
  4075 | D:5      | Reached skill level 1 in Invocations
  4102 | D:5      | Found a staircase to the Ecumenical Temple.
  4118 | D:5      | Killed Sigmund
  4207 | D:5      | Reached skill level 5 in Invocations
  4366 | D:5      | Found a snail-covered altar of Cheibriados.
  4639 | D:5      | Found Zizi's Magic Scroll Boutique.
  4645 | D:5      | Bought a scroll of identify for 22 gold pieces
  4645 | D:5      | Bought a scroll of amnesia for 38 gold pieces
  4645 | D:5      | Bought a scroll of immolation for 38 gold pieces
  4937 | D:7      | Found an ancient bone altar of Kikubaaqudgha.
  4938 | D:7      | Noticed a human
  4940 | D:7      | Killed a human
  4962 | D:7      | Reached skill level 5 in Shields
  4962 | D:7      | Reached XP level 9. HP: 72/72 MP: 13/13
  5136 | D:7      | Reached skill level 5 in Dodging
  5717 | D:8      | Noticed Maurice
  5746 | D:8      | HP: 2/72 [Maurice/+0 short sword (13)]
  5752 | D:8      | Banished Maurice
  5753 | D:8      | Reached skill level 5 in Stealth
  6128 | D:8      | Found a stormy altar of Qazlal.
  6151 | D:8      | Found a white marble altar of Elyvilon.
  6542 | D:9      | Reached XP level 10. HP: 77/79 MP: 14/14
  6595 | D:8      | Reached skill level 5 in Evocations
  7194 | D:9      | Found a glowing silver altar of Zin.
  7195 | D:9      | Found an opulent altar of Gozag.
  7302 | D:9      | Reached ***** piety under Lugonu
  7574 | D:9      | Found a sacrificial altar of Ru.
  7576 | D:9      | Found a radiant altar of Vehumet.
  7699 | D:9      | Found Atwerah's Antique Armour Shop.
  7736 | D:9      | Bought a runed leather armour for 135 gold pieces
  7849 | D:10     | Entered Level 10 of the Dungeon
  7880 | D:9      | Reached skill level 8 in Fighting
  8174 | D:10     | Found a staircase to the Lair.
  8174 | D:10     | Noticed a death yak
  8174 | D:10     | Noticed a death yak
  8174 | D:10     | Noticed a death yak
  8876 | D:9      | Banished a death yak
  8877 | D:9      | Reached skill level 9 in Fighting
  8878 | D:9      | Banished a death yak
  8879 | D:9      | Reached XP level 11. HP: 89/89 MP: 13/18
  9065 | D:10     | Reached skill level 10 in Invocations
  9138 | D:10     | Killed a death yak
 10212 | D:10     | Reached skill level 10 in Fighting
 10698 | D:10     | Found a staircase to the Orcish Mines.
 11054 | Lair:1   | Entered Level 1 of the Lair of Beasts
 11200 | Lair:1   | Corrupted Lair:1
 11200 | Lair:1   | Noticed a Hell Sentinel
 11201 | Lair:1   | Noticed a tentacled starspawn
 11201 | Lair:1   | Noticed a green draconian
 11202 | Lair:1   | Noticed a tentacled starspawn
 11234 | Lair:1   | Noticed a large abomination
 11648 | Lair:1   | Found a hazy altar of Hepliaklqana.
 11682 | Lair:1   | Reached skill level 11 in Fighting
 11847 | Lair:1   | Reached skill level 1 in Throwing
 12196 | Lair:1   | Noticed Harold
 12827 | D:10     | Reached XP level 12. HP: 61/100 MP: 19/19
 13309 | D:10     | Killed Harold
 13310 | D:10     | Reached skill level 12 in Fighting
 14177 | Lair:2   | Found a hole to the Spider Nest.
 14186 | Lair:2   | Reached skill level 13 in Fighting
 15411 | Lair:3   | Noticed a death yak
 15430 | Lair:3   | Noticed a death yak
 15432 | Lair:3   | Killed a death yak
 15432 | Lair:3   | Noticed a death yak
 15432 | Lair:3   | Noticed a death yak
 15458 | Lair:2   | Corrupted Lair:2
 15458 | Lair:2   | Noticed a tentacled starspawn
 15461 | Lair:2   | Noticed a goliath frog
 15466 | Lair:2   | Noticed a reaper
 15479 | Lair:2   | Found a staircase to the Shoals.
 15480 | Lair:2   | Killed a seven-headed hydra
 15482 | Lair:2   | HP: 3/88 [wind drake/the air (13)]
 15486 | Lair:2   | Noticed a goliath frog
 15486 | Lair:2   | HP: 1/89 [poisoned by a swamp drake (noxious blast)]
 15492 | Lair:2   | Noticed a starcursed mass
 15509 | Lair:2   | Slain by a starcursed mass

Illustrated notes

Levels and vault maps discovered:
D:1:      dpeg_arrival_short_road, layout_rooms
D:2:      layout_basic
D:3:      layout_rooms, hellmonk_ecumenical_altar_blasted, uniq_robin
D:4:      layout_loops_cross, ebering_ghost_rock_garden,
          nicolae_ossuary_entry_monument, minivault_26
D:5:      cheibrodos_quashed, layout_rooms, nicolae_overflow_crystal_walls,
          minmay_temple_entry_statues, nicolae_stop_n_shop_1,
          serial_bayou_pond_e, hangedman_abyss_or_decor_stagger, uniq_sigmund
D:6:      layout_rooms, nzn_wu_jian_council_hall, uniq_menkaure
D:7:      layout_basic, tgw_kikubaaqudgha
D:8:      layout_basic, nicolae_qazlal_scattered_showers,
          nicolae_overflow_hidden_temple, uniq_maurice
D:9:      layout_big_octagon, grunt_temple_overflow_gold_and_silver,
          amcnicky_altar_gilded, vehumet_altar_wand_db, serial_shops,
          nicolae_lakefront_shop
D:10:     layout_cave_pods, dpeg_lair_monsters, orc_0_dummy
Lair:1:   layout_loops_ring, basic_altar, uniq_harold
Lair:2:   minmay_lair_venomous_thicket, layout_chaotic_city,
          minmay_shoals_entry_beasts, hellmonk_spider_entry_not_the_bees,
          st_stairs_5, serial_bayou_shore_b, grunt_megastairs_4,
          infiniplex_staircase_pool_2
Lair:3:   layout_roguey, lemuel_oklob_altar

Skill      XL: |  1  2  3  4  5  6  7  8  9 10 11 12 |
---------------+-------------------------------------+-----
Fighting       | 4 5 7 9 11 13 | 13.0
Dodging        | 2 3 4 5 6 |  6.5
Armour         | 5 7 |  7.0
Stealth        | 4 6 |  6.0
Invocations    | 6 9 10 | 10.0
Shields        | 5 |  5.0
Evocations     | 4 5 7 9 |  9.0
Throwing       | 4 |  4.0
Staves         | |  2.0

Action                   |  1- 3 |  4- 6 |  7- 9 | 10-12 || total
-------------------------+-------+-------+-------+-------++-------
Melee: Quarterstaff      |    98 |   206 |   207 |    84 ||   595
       Kick              |       |       |    56 |   122 ||   178
       Dire flail        |       |       |       |   255 ||   255
Throw: Dart              |       |     3 |    11 |       ||    14
       Javelin           |       |       |       |    19 ||    19
       Throwing net      |       |       |       |     1 ||     1
Invok: Bend Space        |       |       |     4 |    20 ||    24
       Banish            |       |       |     2 |     5 ||     7
       Corrupt           |       |       |       |     2 ||     2
 Abil: Shaft Self        |     1 |     1 |       |       ||     2
       Dig               |       |     1 |     2 |     6 ||     9
Evoke: Wand              |       |       |     1 |    13 ||    14
  Use: Potion            |       |    13 |     8 |     6 ||    27
       Scroll            |       |     9 |     6 |     2 ||    17
 Stab: Paralysed         |       |       |     1 |       ||     1
Armor: Scale mail        |    49 |    51 |       |       ||   100
       Skin              |       |    34 |    15 |       ||    49
       Chain mail        |       |    12 |   131 |   207 ||   350
Dodge: Dodged            |    42 |    83 |   120 |   281 ||   526
Block: Buckler           |    28 |    39 |    63 |   148 ||   278

Table legend: (Time is in decaauts)
 A = Elapsed time spent in this place.
 B = Non-inter-level travel time spent in this place.
 C = Inter-level travel time spent in this place.
 D = Time resting spent in this place.
 E = Time spent auto-exploring this place.
 F = Levels seen in this place.
 G = Mean time per level.
                   A        B        C        D        E       F      G
               +--------+--------+--------+--------+--------+-----+--------+
         Total |  15745 |  15303 |    442 |   3678 |   8614 |  14 | 1124.6 |
       Dungeon |  12165 |  11738 |    427 |   2941 |   6626 |  10 | 1216.5 |
          Lair |   3153 |   3139 |     14 |    737 |   1788 |   3 | 1051.0 |
       Ossuary |    427 |    427 |      0 |      0 |    200 |   1 |  427.0 |
               +--------+--------+--------+--------+--------+-----+--------+

Top non-repeatable levels by time:
    D:10: 3457 daAuts
  Lair:1: 1907 daAuts
     D:9: 1789 daAuts
     D:8: 1366 daAuts
     D:6: 1307 daAuts
     D:7: 1266 daAuts
     D:3: 979 daAuts
  Lair:2: 821 daAuts
     D:5: 678 daAuts
     D:1: 536 daAuts
     D:4: 519 daAuts
 Ossuary: 427 daAuts
  Lair:3: 424 daAuts
     D:2: 264 daAuts
